 Dungeon Crawl Stone Soup version 0.30-a0-728-gc68057be0a (webtiles) character file.

Game seed: 4578856333544642830

36589 Arximoufas the Severer (level 13, -12/106 HPs)
             Began as a Demonspawn Fighter on Jan 30, 2023.
             Was the Champion of Cheibriados.
             Mangled by Urug
             ... wielding a +5 great mace
              (14 damage)
             ... on level 4 of the Lair of Beasts.
             The game lasted 00:49:39 (19052 turns).

Arximoufas the Severer (Demonspawn Fighter)        Turns: 19052, Time: 00:49:40

Health: -12/106    AC: 25    Str: 42    XL:     13   Next: 53%
Magic:  0/21       EV: 10    Int: 24    God:    Cheibriados [******]
Gold:   1444       SH:  4    Dex: 31    Spells: 12/12 levels left

rFire   . . .      SeeInvis +    f - +0 battleaxe (flame)
rCold   . . .      Faith    .    (shield currently unavailable)
rNeg    + . .      Spirit   +    P - +0 plate armour
rPois   +          Reflect  .    (helmet unavailable)
rElec   .          Harm     .    u - +1 cloak {Stlth+}
rCorr   .          Rampage  .    m - +1 pair of gloves
Will    .....                    h - +0 pair of boots Stlth
                                 I - amulet "Qoamp" {Spirit rPois rN+ Dex+2 Slay+2}
HPRegen 0.37/turn                k - ring of poison resistance
MPRegen 0.17/turn                x - +6 ring of strength

@: very slow
A: antennae 3, molten scales 1, icemail 1, condensation shield
a: Renounce Religion, Bend Time, Temporal Distortion, Slouch, Step From Time


You were on level 4 of the Lair of Beasts.
You worshipped Cheibriados.
Cheibriados was exalted by your worship.
You visited 4 branches of the dungeon, and saw 18 of its levels.

You collected 1444 gold pieces.

Inventory:

Hand Weapons
 f - a +0 battleaxe of flaming (weapon)
 M - a +0 broad axe
Armour
 a - a scarf of shadows
 c - a +0 buckler
 h - a +0 pair of boots (worn)
 m - a +1 pair of gloves (worn)
 u - a +1 cloak of stealth (worn)
 P - a +0 plate armour (worn)
Jewellery
 k - a ring of poison resistance (left hand)
 x - a +6 ring of strength (right hand)
 I - the amulet "Qoamp" (around neck) {Spirit rPois rN+ Dex+2 Slay+2}
   (You took it off a wight on level 7 of the Dungeon)

   [amulet of guardian spirit]

   It causes incoming damage to be divided between your reserves of health and
   magic.
   Dex:       It affects your dexterity (+2).
   Slay:      It affects your accuracy & damage with ranged weapons and melee
   (+2).
   rPois:     It protects you from poison.
   rN:        It protects you from negative energy.
 J - a ring of fire
 O - a ring of ice
 Q - an amulet of reflection
Wands
 q - a wand of charming (10)
 v - a wand of flame (41)
 B - a wand of polymorph (8)
 D - a wand of iceblast (6)
Scrolls
 d - 4 scrolls of enchant armour {unknown}
 e - 2 scrolls of teleportation
 l - a scroll of fog {unknown}
 o - 2 scrolls of silence
 p - 3 scrolls of identify
 s - a scroll of blinking
 y - 2 scrolls of magic mapping {unknown}
 C - 3 scrolls of poison
 E - a scroll of amnesia {unknown}
 F - a scroll of torment {unknown}
 G - a scroll of fear {unknown}
 K - a scroll of vulnerability {unknown}
 N - a scroll of acquirement {unknown}
Potions
 b - a potion of lignification {unknown}
 g - 3 potions of curing
 i - a potion of might
 j - 2 potions of invisibility {unknown}
 n - a potion of flight {unknown}
 r - 2 potions of magic
 t - 4 potions of brilliance
 w - 4 potions of ambrosia
 z - 7 potions of haste
 A - a potion of degeneration {unknown}
 H - a potion of cancellation {unknown}
 L - a potion of attraction {unknown}


   Skills:
 + Level 11.1 Fighting
 + Level 15.9 Axes
 + Level 7.2 Armour
 + Level 1.3 Dodging
 - Level 5.0 Shields
 + Level 11.0 Invocations


You had 12 spell levels left.
You didn't know any spells.
Your spell library contained the following spells:

 Spells                   Type           Power      Damage    Failure   Level
 Apportation              Tloc           0%         N/A       56%         1
 Magic Dart               Conj           0%         1d3       56%         1
 Call Imp                 Summ           0%         N/A       71%         2
 Sublimation of Blood     Necr           0%         N/A       71%         2
 Wereblood                Tmut           0%         N/A       71%         2
 Dazzling Flash           Conj/Hex       0%         N/A       90%         3
 Mephitic Cloud           Conj/Pois/Air  0%         N/A       90%         3
 Anguish                  Hex/Necr       0%         N/A       100%        4
 Animate Dead             Necr           0%         N/A       100%        4
 Cause Fear               Hex            0%         N/A       100%        4
 Iskenderun's Mystic Bla  Conj/Tloc      0%         2d3       100%        4
 Alistair's Intoxication  Tmut/Pois      0%         N/A       100%        5
 Starburst                Conj/Fire      0%         6d3       100%        6
 Dragon Form              Tmut           0%         N/A       100%        7
 Enfeeble                 Hex            0%         N/A       100%        7
 Haunt                    Necr/Summ      0%         N/A       100%        7
 Summon Hydra             Summ           0%         N/A       100%        7
 Infestation              Necr           0%         N/A       100%        8
 Dragon's Call            Summ           0%         N/A       100%        9


Dungeon Overview and Level Annotations

Branches:
Dungeon (11/15)            Temple (1/1) D:5            Lair (4/5) D:10
  Swamp (0/4) Lair:2       Spider (0/4) Lair:2          Orc (2/2) D:11
    Elf (0/3) Orc:2
  Slime: Lair:4-5

Altars:
Ashenzari
Cheibriados
Dithmenos
Fedhas
Gozag
Hepliaklqana
Kikubaaqudgha
Makhleb
Nemelex Xobeh
Okawaru
Qazlal
Ru
Sif Muna
Trog
Uskayaw
Vehumet
Wu Jian
Xom
Yredelemnul
Jiyva

Shops:
D:7 *

Annotations:
D:10 3 runed translucent doors, Fenrisus's ghost, journeyman TrFi
D:11 Erolcha
Lair:2 Poykh's ghost, journeyman DjFE
Lair:3 1 runed translucent door, exclusion: oklob plant
Lair:4 Urug
Orc:2 Saint Roka


Innate Abilities, Weirdness & Mutations

You have a pair of large antennae on your head. (SInv)
You are partially covered in molten scales. (AC +2)
A meltable icy envelope protects you from harm. (AC +4)
A meltable shield of frost defends you. (SH +4)


Message History

Urug hits you but does no damage.
You slice Urug!! You burn Urug.
Urug is almost dead.
Urug screams, "Revenge!"
Urug hits you with a +5 great mace!
You hit Urug. You burn Urug.
Urug is almost dead.
Urug zaps a wand.
You easily resist.
The now-empty wand crumbles to dust.
You closely miss Urug.
Urug is almost dead.
Urug hits you with a +5 great mace!
* * * LOW HITPOINT WARNING * * *
You barely miss Urug.
Urug is almost dead.
You block Urug's attack.
You hit Urug but do no damage.
Urug is almost dead.
Urug hits you with a +5 great mace!!
* * * LOW HITPOINT WARNING * * *
Okay, then.
You feel better.
Urug squints and says, "My one eye mightn't be all that good, but I can see you just fine with it, harpy."
Urug hits you with a +5 great mace!
* * * LOW HITPOINT WARNING * * *
You hit Urug. You burn Urug.
Urug is almost dead.
Urug hits you but does no damage.
You closely miss Urug.
Urug is almost dead.
You completely miss Urug.
Urug is almost dead.
Urug completely misses you.
You hit Urug but do no damage.
Urug is almost dead.
Urug hits you with a +5 great mace!
* * * LOW HITPOINT WARNING * * *
You barely miss Urug.
Urug is almost dead.
Urug hits you with a +5 great mace!
You die...

.. ..... ..... ######
########
.....######.##.###.P#P#.P
......)o.................
........@................
.........................
.........................
.........................
.........................
.........................
#.....############.###.##
###### ### ####


You could see Urug.

Vanquished Creatures
  Gastronok (Lair:3)
  Fannar (Lair:3)
  A hydra (Lair:3)
  A catoblepas (D:10)
  A boulder beetle (D:11)
  2 two-headed ogres (D:11)
  An orc high priest (Orc:2)
  A death yak (Lair:3)
  Amaemon (Lair:1)
  Sonja (Lair:1)
  Pikel (D:7)
  3 orc knights (Orc:2)
  An orc sorcerer (Orc:2)
  2 cyclopes
  Maurice (D:9)
  4 elephants
  4 cane toads
  3 black mambas (Lair:3)
  An orange demon (Lair:1)
  A rime drake (Lair:2)
  8 komodo dragons
  5 trolls
  2 hornets
  2 slime creatures (Lair:2)
  3 culicivoras (Lair:2)
  3 jumping spiders (Lair:2)
  29 yaks
  5 wyverns
  A basilisk (Lair:1)
  4 redbacks (Lair:2)
  A steam dragon (D:10)
  Menkaure (D:4)
  3 wargs
  5 vampire mosquitoes
  16 water moccasins
  Duvessa (D:4)
  19 orc warriors
  An ice beast (D:6)
  A sky beast (D:6)
  A black bear (D:7)
  8 ogres
  22 wolves
  2 centaurs
  A lemure (D:7)
  3 phantoms
  3 kobold brigands
  12 bullfrogs
  3 gnoll sergeants
  10 wights
  A scorpion (D:4)
  Dowan (D:4)
  12 killer bees
  6 electric eels
  A howler monkey (D:6)
  17 orc priests
  3 gnoll boudas
  9 hounds
  3 jellies (Lair:2)
  2 iguanas
  25 orc wizards
  Ijyb (D:4)
  30 gnolls
  13 adders
  2 shadow imps (D:6)
  An ufetubus (D:7)
  3 worms
  5 dart slugs
  72 orcs
  7 ball pythons
  9 endoplasms
  4 giant cockroaches
  4 goblins
  2 hobgoblins
  3 jackals (D:4)
  6 quokkas
  6 bats
  5 frilled lizards
  14 kobolds
  5 rats
479 creatures vanquished.

Vanquished Creatures (others)
  An orc priest (Orc:2)
  An orc wizard (Orc:2)
  An orc (Orc:2)
  7 fungi
  10 plants
  8 toadstools (Lair:3)
28 creatures vanquished.

Grand Total: 507 creatures vanquished

Notes
Turn   | Place    | Note
-------+----------+-------------------------------------------
     0 | D:1      | Arximoufas the Demonspawn Fighter began the quest for the
                  | Orb.
     0 | D:1      | Reached XP level 1. HP: 18/18 MP: 1/1
   209 | D:1      | Reached skill level 2 in Axes
   270 | D:1      | Gained mutation: A meltable shield of frost defends you.
                  | (SH +4) [demonic ancestry]
   270 | D:1      | Reached XP level 2. HP: 24/24 MP: 2/2
   544 | D:1      | Reached XP level 3. HP: 29/29 MP: 3/3
   970 | D:2      | Found a faded altar of an unknown god.
  1192 | D:2      | Reached skill level 3 in Axes
  1194 | D:2      | Gained mutation: You are partially covered in molten
                  | scales. (AC +2) [demonic ancestry]
  1194 | D:2      | Reached XP level 4. HP: 5/35 MP: 4/4
  1319 | D:2      | Identified the +1 chain mail "Vunacseq" {Fly Int+3}
  1916 | D:3      | Found a hazy altar of Hepliaklqana.
  1965 | D:4      | You are sucked into a shaft and drop 3 floors!
  2045 | D:6      | Reached XP level 5. HP: 36/42 MP: 5/5
  2095 | D:6      | Reached skill level 4 in Axes
  2101 | D:6      | Reached XP level 6. HP: 40/48 MP: 6/6
  2207 | D:6      | Noticed a sky beast
  2248 | D:6      | Killed a sky beast
  2414 | D:5      | Entered Level 5 of the Dungeon
  2455 | D:5      | Found a staircase to the Ecumenical Temple.
  2463 | Temple   | Entered the Ecumenical Temple
  2475 | Temple   | Became a worshipper of Cheibriados the Contemplative
  2642 | D:4      | Noticed Ijyb
  2654 | D:4      | Killed Ijyb
  2656 | D:4      | Noticed Menkaure
  2672 | D:4      | Killed Menkaure
  2673 | D:4      | Reached skill level 5 in Axes
  2673 | D:4      | Gained mutation: You have a pair of small antennae on your
                  | head. [demonic ancestry]
  2673 | D:4      | Reached XP level 7. HP: 51/55 MP: 7/7
  2835 | D:4      | Noticed Duvessa
  2835 | D:4      | Noticed Dowan
  2853 | D:4      | Killed Duvessa
  2854 | D:4      | Reached skill level 5 in Fighting
  2858 | D:4      | Killed Dowan
  2858 | D:4      | Reached * piety under Cheibriados
  3291 | D:4      | Reached skill level 6 in Axes
  3354 | D:4      | Reached skill level 5 in Armour
  3495 | D:4      | Gained mutation: You have a pair of antennae on your head.
                  | [demonic ancestry]
  3495 | D:4      | Reached XP level 8. HP: 63/63 MP: 8/8
  3850 | D:5      | Found a broken altar of Ashenzari.
  3979 | D:5      | Reached ** piety under Cheibriados
  4066 | D:5      | Reached skill level 7 in Axes
  4853 | D:6      | Found an ancient bone altar of Kikubaaqudgha.
  4853 | D:6      | Found a radiant altar of Vehumet.
  4877 | D:6      | Found a shimmering blue altar of Sif Muna.
  5086 | D:7      | Noticed Pikel
  5100 | D:7      | Killed Pikel
  5101 | D:7      | Reached skill level 8 in Axes
  5101 | D:7      | Reached XP level 9. HP: 53/71 MP: 9/9
  5185 | D:7      | Found Esah's Serpentskin Sales.
  5231 | D:7      | Reached *** piety under Cheibriados
  5285 | D:7      | Identified the amulet "Qoamp" {Spirit rPois rN+ Dex+2
                  | Slay+2}
  5349 | D:7      | Reached skill level 5 in Shields
  5589 | D:7      | Reached skill level 9 in Axes
  6270 | D:8      | Reached **** piety under Cheibriados
  6315 | D:8      | Identified the +0 robe "Inear" {MP+9 Str+3}
  7070 | D:9      | Gained mutation: You have a pair of large antennae on your
                  | head. (SInv) [demonic ancestry]
  7070 | D:9      | Reached XP level 10. HP: 31/80 MP: 4/10
  7426 | D:9      | Reached skill level 10 in Axes
  7610 | D:9      | Reached ***** piety under Cheibriados
  8095 | D:9      | Reached skill level 11 in Axes
  8185 | D:9      | Noticed Maurice
  8195 | D:9      | Killed Maurice
  9473 | D:10     | Entered Level 10 of the Dungeon
  9575 | D:10     | Found a runed translucent gate.
  9576 | D:10     | Found a runed translucent gate.
  9576 | D:10     | Noticed Fenrisus's ghost (journeyman TrFi)
  9577 | D:10     | Found a runed translucent gate.
  9581 | D:10     | Noticed a catoblepas
  9591 | D:10     | Killed a catoblepas
  9856 | D:10     | Found a staircase to the Lair.
 10756 | D:10     | Reached XP level 11. HP: 68/89 MP: 7/11
 11049 | D:11     | Reached ****** piety under Cheibriados
 11227 | D:11     | Found a staircase to the Orcish Mines.
 11246 | D:11     | Noticed a two-headed ogre
 11252 | D:11     | Killed a two-headed ogre
 11253 | D:11     | Reached skill level 12 in Axes
 11318 | D:11     | Reached skill level 1 in Invocations
 11364 | D:11     | Noticed a boulder beetle
 11378 | D:11     | Killed a boulder beetle
 11636 | D:11     | HP: 4/90 [poisoned by a gnoll sergeant]
 11642 | D:11     | HP: 2/90 [poisoned by a gnoll sergeant]
 12015 | D:11     | Found a stormy altar of Qazlal.
 12034 | D:11     | Reached skill level 10 in Fighting
 12217 | D:11     | Noticed a two-headed ogre
 12224 | D:11     | Killed a two-headed ogre
 12731 | D:11     | Noticed Erolcha
 12759 | Orc:1    | Entered Level 1 of the Orcish Mines
 12920 | Orc:2    | Entered Level 2 of the Orcish Mines
 12987 | Orc:2    | Found a staircase to the Elven Halls.
 13161 | Orc:1    | Reached skill level 13 in Axes
 13161 | Orc:1    | Reached skill level 5 in Invocations
 13725 | Orc:2    | Gained mutation: A meltable icy envelope protects you from
                  | harm. (AC +4) [demonic ancestry]
 13725 | Orc:2    | Reached XP level 12. HP: 79/97 MP: 12/16
 13786 | Orc:2    | Noticed Saint Roka
 14571 | Orc:2    | Noticed an orc high priest
 14645 | Orc:2    | Noticed an orc high priest
 14706 | Orc:2    | Paralysed by an orc sorcerer for 4 turns
 14714 | Orc:2    | Killed an orc high priest
 14733 | Orc:2    | Reached skill level 14 in Axes
 14930 | Lair:1   | Entered Level 1 of the Lair of Beasts
 14946 | Lair:1   | Noticed Sonja
 14955 | Lair:1   | Killed Sonja
 15150 | Lair:1   | Identified the +1 ring mail of Beughum {Harm rF- rN+++
                  | Str-3}
 15284 | Lair:1   | Noticed Amaemon
 15296 | Lair:1   | Killed Amaemon
 16267 | Lair:2   | Reached skill level 15 in Axes
 16331 | Lair:2   | Found a hole to the Spider Nest.
 16777 | Lair:2   | Found a staircase to the Swamp.
 16787 | Lair:2   | Reached XP level 13. HP: 89/104 MP: 17/20
 16866 | Lair:2   | Found a runed translucent gate.
 16867 | Lair:2   | Found a runed translucent gate.
 16868 | Lair:2   | Found a runed translucent gate.
 16870 | Lair:2   | Noticed Poykh's ghost (journeyman DjFE)
 16879 | Lair:2   | Found a viscous altar of Jiyva.
 17579 | Lair:3   | Reached skill level 10 in Invocations
 17639 | Lair:3   | Noticed Gastronok
 17651 | Lair:3   | Killed Gastronok
 17778 | Lair:3   | Found a burning altar of Makhleb.
 18083 | Lair:3   | Noticed Fannar
 18091 | Lair:3   | Killed Fannar
 18454 | Lair:3   | Found a runed translucent door.
 18902 | Lair:4   | Reached skill level 1 in Dodging
 19027 | Lair:4   | Noticed Urug
 19051 | Lair:4   | HP: 2/106 [Urug/+5 great mace (6)]
 19052 | Lair:4   | Mangled by Urug

Illustrated notes

Levels and vault maps discovered:
D:1:      dpeg_arrival_houses_and_road, layout_basic, minmay_misc_feat_square,
          minmay_unequal
D:2:      layout_rooms, ebering_ecumenical_altar_box
D:3:      layout_rooms, good_gods_temple_1, worldfamousw_hep_ancestral_shrine
D:4:      layout_basic, gup_sewer_entry_glass, uniq_ijyb, uniq_duvessa,
          uniq_menkaure
D:5:      layout_gridville, nicolae_ashenzari_skybound, minmay_temple_entry_tees
D:6:      layout_basic, palyth_temple_overflow_mages
D:7:      layout_gridville, guppyfry_shop_venom, uniq_pikel
D:8:      layout_loops_ring
D:9:      cheibrodos_helix_gallery, layout_layer_cave, uniq_maurice
D:10:     layout_rooms, erik_lair_island, gammafunk_ghost_nasty_kobolds
D:11:     layout_roguey, hiddenorc2_lemuel, gauntlet_entry_generic,
          nicolae_qazlal_general_emergency, uniq_erolcha
Temple:   nicolae_temple_great_sept
Lair:1:   hellmonk_destroyed_diamonds, layout_cave_pods,
          eino_small_chamber_without_monster, chequers_serial_rivers_small_3,
          cheibrodos_lair_reptile_den, uniq_amaemon, uniq_sonja
Lair:2:   layout_loops_ring, minmay_swamp_entry_swarm,
          nicolae_spider_entry_tight_spaces, gammafunk_ghost_ooze
Lair:3:   gammafunk_lair_enchanted_lake, layout_long_grid, lemuel_oklob_altar,
          grunt_megastairs_1, uniq_fannar, uniq_gastronok
Lair:4:   layout_big_grid, slime_entry_1, lemuel_fruit_fields, uniq_urug
Orc:1:    layout_caves
Orc:2:    grunt_orc_tribal_feast, layout_diamond_mine, uniq_saint_roka

Skill      XL: |  1  2  3  4  5  6  7  8  9 10 11 12 13 |
---------------+----------------------------------------+-----
Axes           | 2 3 4 5 6 8 9 11 13 15 | 15.9
Armour         | 3 4 5 7 |  7.2
Fighting       | 4 5 6 8 9 10 11 | 11.1
Shields        | 4 5 |  5.0
Invocations    | 5 9 11 | 11.0
Dodging        | 1 |  1.3

Action                     |  1- 3 |  4- 6 |  7- 9 | 10-12 | 13-15 || total
---------------------------+-------+-------+-------+-------+-------++-------
  Melee: War axe           |    99 |   167 |   365 |     2 |       ||   633
         Punch             |       |       |     1 |       |       ||     1
         Battleaxe         |       |       |       |   563 |   137 ||   700
 Invoke: Bend Time         |       |       |     2 |     2 |       ||     4
         Step From Time    |       |       |       |     1 |       ||     1
  Evoke: Wand              |       |       |       |    10 |       ||    10
    Use: Potion            |       |     2 |     6 |     3 |     2 ||    13
         Scroll            |       |       |     2 |    12 |     1 ||    15
 Armour: Scale mail        |    38 |       |       |       |       ||    38
         Chain mail        |       |   111 |   198 |    19 |       ||   328
         Plate armour      |       |       |       |   396 |    83 ||   479
         Skin              |       |       |       |     2 |       ||     2
  Dodge: Dodged            |    45 |    49 |   153 |   275 |    43 ||   565
  Block: Buckler           |    48 |    56 |   173 |     1 |       ||   278
         Other             |       |     2 |    14 |   116 |    13 ||   145

Table legend: (Time is in decaauts)
 A = Elapsed time spent in this place.
 B = Non-inter-level travel time spent in this place.
 C = Inter-level travel time spent in this place.
 D = Time resting spent in this place.
 E = Time spent auto-exploring this place.
 F = Levels seen in this place.
 G = Mean time per level.
                   A        B        C        D        E       F      G
               +--------+--------+--------+--------+--------+-----+--------+
         Total |  26618 |  25358 |   1260 |   4329 |  15333 |  18 | 1478.8 |
       Dungeon |  16693 |  15830 |    863 |   3221 |   9167 |  11 | 1517.5 |
        Temple |    107 |     92 |     15 |      0 |     67 |   1 |  107.0 |
          Lair |   6758 |   6529 |    229 |    193 |   5663 |   4 | 1689.5 |
  Orcish Mines |   3058 |   2906 |    152 |    915 |    435 |   2 | 1529.0 |
               +--------+--------+--------+--------+--------+-----+--------+

Top non-repeatable levels by time:
     D:9: 3728 daAuts
    D:11: 2318 daAuts
  Lair:2: 2184 daAuts
   Orc:2: 2126 daAuts
  Lair:3: 2113 daAuts
  Lair:1: 2034 daAuts
    D:10: 1986 daAuts
     D:7: 1588 daAuts
     D:5: 1573 daAuts
     D:4: 1261 daAuts
     D:8: 1145 daAuts
     D:6: 1065 daAuts
   Orc:1: 932 daAuts
     D:1: 914 daAuts
     D:2: 601 daAuts
